 Dungeon Crawl Stone Soup version 0.28-a0-586-gbdb9d174a4 (webtiles) character file.

Game seed: 8043840935353523652

322 bcfek the Vexing (level 6, -3/28 HPs)
             Began as a Spriggan Enchanter on Oct 3, 2021.
             Slain by Blork the orc (12 damage)
             ... on level 4 of the Dungeon.
             The game lasted 00:08:38 (4902 turns).

bcfek the Vexing (Spriggan Enchanter)               Turns: 4902, Time: 00:08:40

Health: -3/28      AC:  3    Str:  4    XL:     6   Next: 22%
Magic:  12/15      EV: 17    Int: 17    God:
Gold:   175        SH:  0    Dex: 17    Spells: 11/16 levels left

rFire   . . .      SeeInvis +   g - +3 dagger (vamp)
rCold   . . .      Faith    .   (shield restricted)
rNeg    . . .      Spirit   .   b - +1 robe
rPois   .          Reflect  .   (helmet restricted)
rElec   .          Harm     .   (no cloak)
rCorr   .          Rampage  .   (gloves unavailable)
Will    +....                   (boots unavailable)
Stlth   +++.......              (no amulet)
HPRegen 0.09/turn               (no ring)
MPRegen 0.14/turn               (no ring)

@: very quick
A: very small, no large weapons, unfitting armour, see invisible, speed 3
a: no special abilities


You were on level 4 of the Dungeon.
You visited 1 branch of the dungeon, and saw 4 of its levels.

You collected 175 gold pieces.

Inventory:

Hand Weapons
 a - a +1 dagger
 g - a +3 vampiric dagger (weapon)
 n - a +0 short sword of venom
Missiles
 e - 65 poisoned darts (quivered)
 h - a throwing net
Armour
 b - a +1 robe (worn)
Scrolls
 d - 2 scrolls of magic mapping
 i - a scroll of teleportation
Potions
 c - 2 potions of invisibility
 f - a potion of lignification {unknown}
 j - a potion of curing {unknown}
 k - a potion of haste {unknown}
 l - a potion of attraction {unknown}
 m - a potion of ambrosia {unknown}
 o - 2 potions of heal wounds {unknown}


   Skills:
 - Level 1.1 Short Blades
 - Level 2.6 Dodging
 + Level 5.6 Stealth
 + Level 5.6 Spellcasting
 + Level 6.2 Hexes


You had 11 spell levels left.
You knew the following spells:

 Your Spells              Type           Power      Damage    Failure   Level
a - Ensorcelled Hibernat  Hex/Ice        30%        N/A       5%          2
b - Tukima's Dance        Hex            26%        N/A       3%          3

Your spell library contained the following spells:

 Spells                   Type           Power      Damage    Failure   Level
 Confusing Touch          Hex            26%        N/A       3%          3
 Dazzling Flash           Conj/Hex       30%        N/A       11%         3
 Iskenderun's Mystic Bla  Conj/Tloc      4%         2d3       80%         4
 Starburst                Conj/Fire      2%         6d3       100%        6


Dungeon Overview and Level Annotations

Branches:
Dungeon (4/15)
 Temple: D:4-7

Altars:

Shops:
D:4 (

Annotations:
D:4 Blork the orc


Innate Abilities, Weirdness & Mutations

You are very small and have problems with some larger weapons.
You are too small for most types of armour.
You have supernaturally acute eyesight. (SInv)
You cover ground extremely quickly. (Speed+++)


Message History

The orc hits you but does no damage.
You hit the water moccasin skeleton.
The water moccasin skeleton is lightly damaged.
The water moccasin skeleton completely misses you.
You hit the water moccasin skeleton.
The water moccasin skeleton is lightly damaged.
The water moccasin skeleton bites you.
Blork the orc casts a spell.
Blork the orc seems to speed up.
You hear a shout!
You barely miss the orc.
The orc is lightly wounded.
You hit the orc.
The orc is heavily wounded.
The orc hits you but does no damage.
Blork the orc looks satisfied for a moment.
You hit the orc.
You feel better.
The orc is heavily wounded.
You completely miss Blork the orc.
Blork the orc is severely wounded.
You hit Blork the orc.
Blork the orc is almost dead.
Blork the orc gestures at you while chanting.
The puff of frost misses you. Blork the orc hits you with a +0 flail!
You are too injured to fight recklessly!
You are too injured to fight recklessly!
You are too injured to fight recklessly!
You are too injured to fight recklessly!
Unknown command.
You aren't carrying any items that you can evoke.
Unknown command.
Unknown command.
Casting: Ensorcelled Hibernation (safe; 5% risk of failure)
Confirm with . or Enter, or press ? or * to list all spells.
Aiming: Tukima's Dance (dangerous; 3% risk of failure)
Press: ? - help, Shift-Dir - straight line, f/p - Blork the orc
Aim: Blork the orc, wielding a +0 flail and wearing a +1 robe of willpower (almost dead, fast, chance to affect: 22%) Blork the orc resists with almost no effort.
Blork the orc hits you with a +0 flail!
You die...

################
#..............#
#..............#
#..............#
#..............#
#........oZ...)#
#...##.##o##o#######
#...#####@#.oo......
#...#.....#.........
#...#.....#.........
#...#..<..#.........
#...#.....#.........
#...#.....#.....>...
#...#.....#.........
#...##....#.........
#...##....##+####...


You could see Blork the orc (fast), an orc and a water moccasin skeleton.

Vanquished Creatures
  Terence (D:3)
  3 orc wizards (D:3)
  Natasha (D:4)
  Robin (D:3)
  4 adders
  4 gnolls
  2 worms
  4 dart slugs
  11 orcs (D:3)
  4 bats
  8 endoplasms
  16 goblins
  9 hobgoblins
  2 jackals (D:3)
  2 quokkas
  5 ball pythons
  3 frilled lizards (D:1)
  4 kobolds
  5 rats
89 creatures vanquished.

Notes
Turn   | Place    | Note
-------+----------+-------------------------------------------
     0 | D:1      | bcfek the Spriggan Enchanter began the quest for the Orb.
     0 | D:1      | Reached XP level 1. HP: 9/9 MP: 5/5
   328 | D:1      | Reached skill level 4 in Hexes
   336 | D:1      | Reached XP level 2. HP: 13/13 MP: 7/7
   364 | D:1      | Learned a level 2 spell: Ensorcelled Hibernation
  1122 | D:1      | Reached XP level 3. HP: 16/16 MP: 9/9
  1824 | D:2      | Reached XP level 4. HP: 21/21 MP: 2/11
  2287 | D:2      | Reached skill level 5 in Hexes
  2347 | D:3      | Noticed Robin
  3026 | D:3      | Killed Robin
  3027 | D:3      | Reached XP level 5. HP: 24/24 MP: 8/13
  3097 | D:3      | Reached skill level 5 in Spellcasting
  3529 | D:3      | Reached skill level 5 in Stealth
  3620 | D:3      | Reached skill level 6 in Hexes
  4090 | D:3      | Noticed Terence
  4123 | D:3      | Killed Terence
  4124 | D:3      | Reached XP level 6. HP: 28/28 MP: 11/15
  4785 | D:4      | Found Muittaxzo's Weapon Shop.
  4789 | D:4      | Noticed Natasha
  4799 | D:4      | Killed Natasha
  4824 | D:4      | Learned a level 3 spell: Tukima's Dance
  4877 | D:4      | Noticed Blork the orc
  4902 | D:4      | Slain by Blork the orc

Illustrated notes

Levels and vault maps discovered:
D:1:      amcnicky_arrival_single_pillar, layout_basic
D:2:      kennysheep_big_flooded_room, layout_rooms, wad_floor_pattern_untrapped
D:3:      layout_basic, uniq_robin, uniq_terence
D:4:      layout_gridville, grunt_gozag_statues, serial_shops,
          nicolae_stop_n_shop_1, uniq_blork_the_orc, uniq_eustachio, uniq_ijyb,
          uniq_natasha

Skill      XL: |  1  2  3  4  5 |
---------------+----------------+-----
Spellcasting   | 3 4 5 |  5.6
Hexes          | 4 5 6 |  6.2
Stealth        | 5 |  5.6
Short Blades   | |  1.1
Dodging        | |  2.6

Action                   |  1- 3 |  4- 6 || total
-------------------------+-------+-------++-------
Melee: Dagger            |   117 |   205 ||   322
Throw: Dart              |     5 |       ||     5
 Cast: Ensorcelled Hiber |    12 |    46 ||    58
       Tukima's Dance    |       |     1 ||     1
  Use: Scroll            |     3 |     5 ||     8
 Stab: Sleeping          |    19 |    28 ||    47
       Distracted        |       |     1 ||     1
Armor: Robe              |    10 |    22 ||    32
Dodge: Dodged            |    74 |   142 ||   216

Table legend: (Time is in decaauts)
 A = Elapsed time spent in this place.
 B = Non-inter-level travel time spent in this place.
 C = Inter-level travel time spent in this place.
 D = Time resting spent in this place.
 E = Time spent auto-exploring this place.
 F = Levels seen in this place.
 G = Mean time per level.
                   A        B        C        D        E       F      G
               +--------+--------+--------+--------+--------+-----+--------+
         Total |   3920 |   3856 |     64 |   1128 |   1928 |   4 |  980.0 |
       Dungeon |   3920 |   3856 |     64 |   1128 |   1928 |   4 |  980.0 |
               +--------+--------+--------+--------+--------+-----+--------+

Top non-repeatable levels by time:
     D:3: 1447 daAuts
     D:2: 1414 daAuts
     D:1: 969 daAuts
     D:4: 89 daAuts
